 Dungeon Crawl Stone Soup version 0.26.1-11-gd32895ea62 (webtiles) character file.

Game seed: 1593500684572427257

405 woolyfrog the Cudgeller (level 6, -7/55 HPs)
             Began as a Gargoyle Fighter on Apr 29, 2021.
             Killed by divine providence
             ... invoked by an orc priest
              (12 damage)
             ... on level 4 of the Dungeon.
             The game lasted 00:09:30 (3636 turns).

woolyfrog the Cudgeller (Gargoyle Fighter)          Turns: 3636, Time: 00:09:32

Health: -7/55      AC: 23    Str: 22    XL:     6   Next: 87%
Magic:  6/6        EV:  2    Int:  8    God:
Gold:   155        SH:  0    Dex:  9    Spells: 5/5 levels left

rFire    + . .     SeeInvis .   r - +0 morningstar
rCold    x . .     Faith    .   (no shield)
rNeg     + + +     Spirit   .   (armour currently unavailable)
rPois    ∞         Reflect  .   (helmet currently unavailable)
rElec    .         Harm     .   (cloak currently unavailable)
rCorr    .         Rampage  .   (gloves currently unavailable)
Will     .....     NoTele   +   (boots currently unavailable)
Stlth    +.........             (no amulet)
HPRegen  0.18/turn              k - ring of fire
MPRegen  0.10/turn              (no ring)

@: tree-form
A: negative energy resistance 1, petrification resistance, miasma immunity, AC
+4
a: no special abilities


You were on level 4 of the Dungeon.
You were a tree.
You visited 1 branch of the dungeon, and saw 4 of its levels.

You collected 155 gold pieces.

Inventory:

Hand Weapons
 r - a +0 morningstar (weapon)
Armour
 b - a +0 scale mail (melded)
 c - a +0 kite shield
 h - a +0 cloak (melded)
 n - a +0 helmet (melded)
Jewellery
 k - a ring of fire (left branch)
Scrolls
 a - a scroll of identify
 e - 4 scrolls of teleportation
 g - a scroll of remove curse
Potions
 d - 2 potions of might
 f - a potion of heal wounds
 i - a potion of magic
 j - a potion of lignification
 l - a potion of flight
 m - a potion of curing
 o - a potion of ambrosia {unknown}
 p - a potion of brilliance {unknown}


   Skills:
 - Level 3.2 Fighting
 + Level 7.1 Maces & Flails
 - Level 3.2 Armour
 - Level 3.2 Shields


You had 5 spell levels left.
You didn't know any spells.
Your spell library contained the following spells:

 Spells                   Type           Power        Failure   Level
 Corona                   Hex            0%           41%         1
 Ensorcelled Hibernation  Hex/Ice        0%           54%         2
 Confusing Touch          Hex            0%           78%         3
 Dazzling Flash           Conj/Hex       0%           78%         3
 Tukima's Dance           Hex            0%           78%         3


Dungeon Overview and Level Annotations

Branches:
Dungeon (4/15)
 Temple: D:4-7

Altars:
Cheibriados

Annotations:
D:4 Dowan


Innate Abilities, Weirdness & Mutations

You are resistant to torment.
((Your stone body is resilient. (AC +4)))
You are immune to poison.
You resist negative energy. (rN+)
((You are resistant to electric shocks. (rElec)))
((You can survive without breathing.))
You are immune to petrification.
You are immune to miasma.


Message History

You hit Duvessa.
You kill Duvessa!
Dowan screams, "No!
Oh no!"
Dowan seems to find hidden reserves of power!
Dowan hits you but does no damage.
You are electrocuted!
Dowan says, "Magic will overcome all!"
Dowan hits you but does no damage.
Your Maces & Flails skill increases to level 7!
You hit the orc priest.
The orc priest is moderately wounded.
Dowan hits you but does no damage.
The orc priest hits you but does no damage.
Dowan hits you but does no damage.
You are electrocuted!
You closely miss the orc priest.
The orc priest is moderately wounded.
Dowan hits you but does no damage.
You are electrocuted!
* * * LOW HITPOINT WARNING * * *
The orc priest calls down the wrath of Beogh upon you.
Beogh smites you!
You die...

#..
......##
##.#
##......
##.####
#...#.#
.......
.....
##.####
...#
....####.#
#..
##...<...#
#)#
###.######
#o#
.##......#
#♣#
.##......#
#e#
.........#
##.##
.........#
#...#
.###.....#
#...# .#
#######
#...# .#
##.## ##
#.#
#########.#


You could see Dowan (fast) and an orc priest.

Vanquished Creatures
  Duvessa (D:4)
  A centaur skeleton (D:3)
  An orc priest (D:3)
  An orc wizard (D:3)
  A worker ant (D:4)
  9 adders
  An ooze (D:1)
  3 worms
  A dart slug (D:2)
  2 leopard geckos
  15 orcs
  2 ball pythons
  8 giant cockroaches
  8 goblins
  11 hobgoblins
  4 jackals
  7 kobolds
  A quokka (D:3)
  10 bats
  5 frilled lizards
  3 rats
95 creatures vanquished.

Notes
Turn   | Place    | Note
-------+----------+-------------------------------------------
     0 | D:1      | woolyfrog the Gargoyle Fighter began the quest for the Orb.
     0 | D:1      | Reached XP level 1. HP: 14/14 MP: 1/1
   235 | D:1      | Reached XP level 2. HP: 15/19 MP: 2/2
   331 | D:1      | Reached skill level 3 in Maces & Flails
   787 | D:1      | Reached XP level 3. HP: 18/23 MP: 3/3
  1108 | D:2      | Reached skill level 4 in Maces & Flails
  1181 | D:2      | Reached XP level 4. HP: 24/28 MP: 4/4
  2048 | D:3      | Reached skill level 5 in Maces & Flails
  2048 | D:3      | Reached XP level 5. HP: 30/32 MP: 5/5
  2522 | D:3      | Found a snail-covered altar of Cheibriados.
  2754 | D:3      | Reached skill level 6 in Maces & Flails
  2754 | D:3      | Reached XP level 6. HP: 37/37 MP: 6/6
  3614 | D:4      | Noticed Duvessa
  3614 | D:4      | Noticed Dowan
  3634 | D:4      | Killed Duvessa
  3635 | D:4      | Reached skill level 7 in Maces & Flails
  3636 | D:4      | Killed from afar by an orc priest

Illustrated notes

Levels and vault maps discovered:
D:1:      evilmike_arrival_fibonacci_small, layout_loops_corners,
          corexii_corridor_pit
D:2:      layout_basic
D:3:      layout_basic, minmay_misc_feat_cross, cheibriados_altar_1
D:4:      layout_loops_cross, serial_glass, glass_columns_a, glass_columns_a,
          yredelemnul_altar_generic, uniq_duvessa

Skill      XL: |  1  2  3  4  5  6 |
---------------+-------------------+-----
Maces & Flails | 3 4 5 6 7 |  7.1
Fighting       | |  3.2
Armour         | |  3.2
Shields        | |  3.2

Action                   |  1- 3 |  4- 6 || total
-------------------------+-------+-------++-------
Melee: Flail             |   120 |   207 ||   327
       Morningstar       |       |    39 ||    39
  Use: Scroll            |     1 |    10 ||    11
       Potion            |       |     1 ||     1
Armor: Scale mail        |   121 |   159 ||   280
       Skin              |       |     7 ||     7
Dodge: Dodged            |    75 |   127 ||   202
